 Dungeon Crawl Stone Soup version 0.30.0-19-gbf45117a57 (webtiles) character file.

Game seed: 6386747531907609746

911 qw the Chopper (level 8, -11/48 HPs)
             Began as a Gargoyle Fighter on May 24, 2023.
             Killed from afar by a steam dragon (16 damage)
             ... with a ball of steam
             ... on level 6 of the Dungeon.
             The game lasted 00:02:01 (4326 turns).

qw the Chopper (Gargoyle Fighter)                   Turns: 4326, Time: 00:02:02

Health: -11/48     AC: 28    Str: 22    XL:     8   Next: 8%
Magic:  8/8        EV: 11    Int:  9    God:
Gold:   294        SH:  4    Dex:  9    Spells: 7/7 levels left

rFire   . . .        Y - +1 war axe
rCold   . . .        c - +0 buckler
rNeg    + + .        h - +9 ring mail of the Dozen Princes {rN+}
rPois   inf          i - +2 hat
rElec   +            (no cloak)
rCorr   .            g - +2 pair of gloves
SInv    .            f - +2 pair of boots
Will    .....        (no amulet) Stlth
                     (no ring)
HPRegen 0.28/turn    (no ring)
MPRegen 0.11/turn

%: no passive effects
@: about to teleport
A: sickness immunity, AC +5, negative energy resistance 1, electricity
resistance, torment resistance 1, petrification resistance
a: no special abilities


You were on level 6 of the Dungeon.
You visited 2 branches of the dungeon, and saw 7 of its levels.

You collected 294 gold pieces.


Innate Abilities, Weirdness & Mutations

You are immune to sickness and miasma.
Your stone body is resilient. (AC +5)
You are immune to poison.
You resist negative energy. (rN+)
You are resistant to electric shocks. (rElec)
You are resistant to unholy torment.
You are immune to petrification.


   Skills:
 - Level 4.0 Fighting
 + Level 6.1 Axes
 - Level 3.2 Armour
 - Level 4.6 Dodging
 - Level 3.2 Shields


You had 7 spell levels left.
You didn't know any spells.
Your spell library was empty.

Inventory:

Hand Weapons
 o - the +9 mace of Purpose {spect, rPois Int+3 Dex+2}
   (You found it on level 3 of the Dungeon)

   Int:       It affects your intelligence (+3).
   Dex:       It affects your dexterity (+2).
   rPois:     It protects you from poison.
 Y - a +1 war axe (weapon)
Missiles
 a - 2 boomerangs (quivered)
Armour
 c - a +0 buckler (worn)
 f - a +2 pair of boots (worn)
 g - a +2 pair of gloves (worn)
 h - the +9 ring mail of the Dozen Princes (worn) {rN+}
   (You found it on level 2 of the Dungeon)

   rN:        It protects you from negative energy.
 i - a +2 hat (worn)
Scrolls
 n - a scroll of identify
Potions
 d - a potion of might
 e - a potion of heal wounds {unknown}
 j - a potion of cancellation {unknown}
 k - 2 potions of curing
 l - a potion of degeneration {unknown}
 m - a potion of attraction {unknown}

Dungeon Overview and Level Annotations

Branches:
Dungeon (6/15)             Temple (1/1) D:5

Altars:
Dithmenos
Elyvilon
Gozag
Kikubaaqudgha
Nemelex Xobeh
Ru
Trog
Uskayaw
Vehumet
Xom
Yredelemnul
Zin

Shops:
D:5 :

Annotations:
D:4 3 runed translucent doors, qw's ghost, amateur GrCA; qw's ghost, amateur GrFi; qw's ghost, novice GrFi


Message History

The scorpion is almost dead.
The scorpion stings you but does no damage.
You hit the scorpion.
You kill the scorpion!
Your Axes skill increases to level 6!
You see here a scroll of blinking.
A steam dragon comes into view.
The steam dragon hisses angrily.
Found a stone staircase leading up.
The steam dragon bites you. The steam dragon barely misses you.
You closely miss the steam dragon. The steam dragon breathes steam at you.
The ball of steam hits you!!
You hear a shout! x2
You barely miss the steam dragon.
You are engulfed in a cloud of scalding steam.
The steam dragon misses you. The steam dragon closely misses you.
You slash the steam dragon!
The steam dragon is moderately wounded.
You are engulfed in a cloud of scalding steam.
The steam dragon bites you.
The steam dragon claws you but does no damage.
You barely miss the steam dragon.
The steam dragon is moderately wounded.
You are engulfed in a cloud of scalding steam.
The steam dragon closely misses you.
The steam dragon claws you but does no damage.
A shadow imp comes into view.
The steam dragon completely misses you. The steam dragon barely misses you.
4325 ||| READING scroll of teleportation.
As you read the scroll of teleportation, it crumbles to dust.
You feel strangely unstable.
You are engulfed in a cloud of scalding steam.
The steam dragon bites you.
The steam dragon claws you but does no damage.
You slash the steam dragon!
The steam dragon is severely wounded.
The steam dragon breathes steam at you. The ball of steam hits you!
You die...

....... #.. ..###
...........## #.. .....
#...........# #.# ....
#..........###.# ....
##...........##.# #...
<.............#.## #...
.................####<..
.5...¤.¤.....###..##....
#.D@....## ###.?.#..
##$....## ##.###.
#.#...## #.# # #..##..#
#.# ## ...# ... ####.
... ## #####


You could see a steam dragon (catching breath) and a shadow imp.

Vanquished Creatures
  Pikel (D:4)
  3 lemures (D:4)
  2 scorpions
  2 hounds (D:4)
  A jelly (D:5)
  An orc priest (D:5)
  2 orc wizards
  3 adders
  2 ufetubi (D:5)
  5 worms
  A dart slug (D:2)
  17 orcs
  5 endoplasms
  3 giant cockroaches
  6 goblins
  5 hobgoblins
  9 jackals
  4 quokkas
  7 ball pythons
  8 bats
  2 frilled lizards
  6 kobolds
  8 rats
103 creatures vanquished.

Notes
Turn   | Place    | Note
-------+----------+-------------------------------------------
     0 | D:1      | qw the Gargoyle Fighter began the quest for the Orb.
     0 | D:1      | Reached XP level 1. HP: 14/14 MP: 1/1
     0 | D:1      | 0 ||| qw: Version: 0.2-a-98-g5d7165a
     0 | D:1      | 0 ||| qw: Game counter: 55
     0 | D:1      | 0 ||| qw: Always use a shield: true
     0 | D:1      | 0 ||| qw: God list: Okawaru
     0 | D:1      | 0 ||| qw: Allow faded altars: false
     0 | D:1      | 0 ||| qw: Do Orc after D:15 true
     0 | D:1      | 0 ||| qw: Do second Lair branch before Depths: true
     0 | D:1      | 0 ||| qw: Lair rune preference: random
     0 | D:1      | 0 ||| qw: Plans: Normal, Zot:1-4, God:TSO, Crypt, Tomb,
                  | Pan, Slime:5, Hells, Abyss, Win
     0 | D:1      | 0 ||| PLANNING D:1-11
    51 | D:1      | Reached skill level 2 in Axes
   255 | D:1      | Reached XP level 2. HP: 19/19 MP: 2/2
   476 | D:1      | 476 ||| Stepping ~*~*~tactically~*~*~ (hiding).
   502 | D:1      | Reached skill level 3 in Axes
   513 | D:1      | Reached XP level 3. HP: 23/23 MP: 3/3
   680 | D:1      | 680 ||| UPGRADING to +2 hat.
   685 | D:1      | 685 ||| UPGRADING to +0 chain mail.
   695 | D:1      | 695 ||| DROPPING +0 scale mail.
   696 | D:1      | 696 ||| READING scroll labelled GAOKAKLIQU.
   701 | D:1      | 701 ||| READING 3 scrolls labelled KOIRASH EXKY.
   702 | D:1      | 702 ||| READING scroll labelled POROABL WAXO.
   703 | D:1      | 703 ||| READING scroll labelled ICEGRU XOLUNK.
   704 | D:1      | 704 ||| READING scroll labelled GIURIR SAUM.
   705 | D:1      | 705 ||| DROPPING 2 scrolls of amnesia.
  1072 | D:2      | Found a faded altar of an unknown god.
  1137 | D:2      | Identified the +9 ring mail of the Dozen Princes {rN+}
  1288 | D:2      | Reached XP level 4. HP: 28/28 MP: 4/4
  1442 | D:2      | Reached skill level 4 in Axes
  1587 | D:2      | 1587 ||| UPGRADING to +2 pair of boots.
  1592 | D:2      | 1592 ||| UPGRADING to +9 ring mail of the Dozen Princes
                  | {rN+}.
  1602 | D:2      | 1602 ||| DROPPING +0 chain mail.
  1603 | D:2      | 1603 ||| READING scroll labelled QUDWOST COBU.
  1604 | D:2      | 1604 ||| DRINKING 2 viscous green potions.
  1605 | D:2      | 1605 ||| DRINKING 2 cyan potions.
  1606 | D:2      | 1606 ||| DRINKING 2 golden potions.
  1607 | D:2      | 1607 ||| DROPPING potion of flight.
  1608 | D:2      | 1608 ||| DROPPING potion of invisibility.
  1638 | D:3      | 1638 ||| Stepping ~*~*~tactically~*~*~ (stealth).
  1640 | D:3      | 1640 ||| Stepping ~*~*~tactically~*~*~ (stealth).
  1925 | D:3      | Identified the +9 mace of Purpose {spect, rPois Int+3
                  | Dex+2}
  1927 | D:3      | 1927 ||| DROPPING +0 club.
  1928 | D:3      | 1928 ||| DROPPING +0 mace.
  1988 | D:3      | 1988 ||| Stepping ~*~*~tactically~*~*~ (stealth).
  2126 | D:3      | 2126 ||| Stepping ~*~*~tactically~*~*~ (stealth).
  2380 | D:3      | Found a faded altar of an unknown god.
  2383 | D:3      | Found a shimmering altar of Xom.
  2408 | D:3      | 2408 ||| UPGRADING to +2 pair of gloves.
  2413 | D:3      | 2413 ||| READING scroll labelled OGREYNGAGY.
  2414 | D:3      | 2414 ||| READING scroll labelled GAELIBR UCOJ.
  2432 | D:3      | 2432 ||| READING scroll labelled MOOXZIOCZU.
  2561 | D:4      | 2561 ||| Stepping ~*~*~tactically~*~*~ (hiding).
  2576 | D:4      | Reached XP level 5. HP: 32/32 MP: 5/5
  2576 | D:4      | 2576 ||| Stepping ~*~*~tactically~*~*~ (hiding).
  2761 | D:4      | 2761 ||| STAIRDANCE
  2771 | D:4      | Found a runed translucent gate.
  2771 | D:4      | Found a runed translucent gate.
  2771 | D:4      | Found a runed translucent gate.
  2872 | D:4      | Noticed a lemure
  2872 | D:4      | Noticed a lemure
  2872 | D:4      | Noticed a lemure
  2874 | D:4      | Noticed Pikel
  2874 | D:4      | Noticed a lemure
  2882 | D:4      | Killed a lemure
  2889 | D:4      | Killed a lemure
  2890 | D:4      | Killed a lemure
  2893 | D:4      | HP: 8/32 [Pikel/+2 whip of electrocution (2)]
  2894 | D:4      | 2894 ||| READING scroll of teleportation.
  2901 | D:4      | HP: 6/32 [hound (4)]
  2913 | D:4      | Reached skill level 5 in Axes
  3236 | D:4      | Killed Pikel
  3237 | D:4      | Reached XP level 6. HP: 29/37 MP: 6/6
  3237 | D:4      | Reached XP level 7. HP: 32/41 MP: 7/7
  3378 | D:4      | Noticed qw's ghost (novice GrFi)
  3378 | D:4      | Noticed qw's ghost (amateur GrCA)
  3378 | D:4      | Noticed qw's ghost (amateur GrFi)
  3678 | D:4      | 3678 ||| READING 2 scrolls labelled UQEATI PEDAF.
  3679 | D:4      | 3679 ||| DROPPING scroll of fear.
  3695 | D:5      | Entered Level 5 of the Dungeon
  3701 | D:5      | 3701 ||| STAIRDANCE
  3805 | D:5      | Found a staircase to the Ecumenical Temple.
  3806 | D:5      | 3806 ||| PLANNING TEMPLE
  3811 | Temple   | Entered the Ecumenical Temple
  3822 | Temple   | 3822 ||| PLANNING D:1-11
  3972 | D:5      | 3972 ||| Stepping ~*~*~tactically~*~*~ (stealth).
  4012 | D:5      | 4012 ||| Stepping ~*~*~tactically~*~*~ (stealth).
  4020 | D:5      | 4020 ||| Stepping ~*~*~tactically~*~*~ (stealth).
  4031 | D:5      | 4031 ||| DRINKING 3 potions of curing.
  4031 | D:5      | 4031 ||| (to cure confusion)
  4037 | D:5      | Found Bopnimoz's Tiny Tomes.
  4082 | D:5      | Reached XP level 8. HP: 46/48 MP: 8/8
  4270 | D:5      | 4270 ||| READING 2 scrolls of identify.
  4270 | D:5      | 4270 ||| IDENTIFYING fizzy sapphire potion
  4271 | D:5      | 4271 ||| DROPPING potion of brilliance.
  4303 | D:6      | Reached skill level 6 in Axes
  4324 | D:6      | HP: 10/48 [steam dragon] (10)]
  4325 | D:6      | 4325 ||| READING scroll of teleportation.
  4326 | D:6      | Killed from afar by a steam dragon

Levels and vault maps discovered:
D:1:      lightli_arrival_quake, layout_basic
D:2:      layout_basic, ebering_ecumenical_altar_rust, serial_curves,
          eino_curves_02, eino_curves_04, minivault_4, minmay_pentomino_w2
D:3:      layout_loops_ring, nicolae_overflow_ecumenical_swirl
D:4:      layout_gridville, gammafunk_ghost_cemetery, minmay_door_square,
          minmay_between, uniq_pikel
D:5:      layout_basic, temple_green, kennysheep_decorative_pillar,
          nicolae_shop_i_like_small_books_too
D:6:      layout_layer_cave, gammafunk_ghost_gnarly_gnolls
Temple:   minmay_freezing_vapour_temple

Skill      XL: |  1  2  3  4  5  6  7  8 |
---------------+-------------------------+-----
Axes           | 2 3 4 5 6 |  6.1
Dodging        | 4 |  4.6
Fighting       | 4 |  4.0
Armour         | |  3.2
Shields        | |  3.2

Action                     |  1- 3 |  4- 6 |  7- 9 || total
---------------------------+-------+-------+-------++-------
  Melee: War axe           |    97 |   158 |    60 ||   315
  Throw: Boomerang         |    29 |    52 |    19 ||   100
    Use: Scroll            |     5 |     5 |     3 ||    13
         Potion            |       |     3 |     1 ||     4
 Armour: Scale mail        |    25 |       |       ||    25
         Chain mail        |    27 |     7 |       ||    34
         Ring mail         |       |    99 |    48 ||   147
  Dodge: Dodged            |    26 |    97 |    30 ||   153
  Block: Buckler           |    15 |    37 |     5 ||    57

Table legend:
 A = Non-vault XP
 B = Vault XP
 C = Vault XP percentage of total XP
 D = Non-vault monster count
 E = Vault monster count
 F = Vault count percentage of total count
                 A         B        C        D         E       F
            +---------+---------+-------+---------+---------+-------
      Total |     630 |     672 |  51.6 |      95 |       5 |   5.0
            +---------+---------+-------+---------+---------+-------
        D:1 |      39 |       0 |   0.0 |      22 |       0 |   0.0
        D:2 |      49 |      16 |  24.6 |      20 |       2 |   9.1
        D:3 |      30 |       0 |   0.0 |      19 |       0 |   0.0
        D:4 |     173 |     656 |  79.1 |      17 |       3 |  15.0
        D:5 |     259 |       0 |   0.0 |      16 |       0 |   0.0
        D:6 |      80 |       0 |   0.0 |       1 |       0 |   0.0
            +---------+---------+-------+---------+---------+-------
